 Dungeon Crawl Stone Soup version 0.23.0 (webtiles) character file.

Game seed: 5549291918324100476

46 KitRougard the Grave Robber (level 3, -4/17 HPs)
             Began as a Deep Elf Necromancer on Feb 14, 2019.
             Was an Initiate of Hepliaklqana.
             Slain by Sigmund
             ... wielding a +0 scythe
              (9 damage)
             ... on level 2 of the Dungeon.
             The game lasted 00:20:29 (1389 turns).

KitRougard the Grave Robber (Deep Elf Necromancer)  Turns: 1389, Time: 00:20:29

Health: -4/17      AC:  4    Str:  3 (5)  XL:     3   Next: 46%
Magic:  10/10      EV: 11    Int: 18 (20) God:    Hepliaklqana [......]
Gold:   26         SH:  0    Dex: 13 (15) Spells: 7/9 levels left

rFire    . . .     SeeInvis .   b - +0 hunting sling
rCold    . . .     Gourm    .   (no shield)
rNeg     . . .     Faith    .   r - +0 leather armour
rPois    .         Spirit   .   (no helmet)
rElec    .         Reflect  .   h - +0 cloak
rCorr    .         Harm     .   (no gloves)
MR       +....                  (no boots)
Stlth    ++........             (no amulet)
HPRegen  0.05/turn              p - ring of protection from magic
MPRegen  0.12/turn              (no ring)

@: no status effects
A: reduced essence
a: Recall Ancestor, Ancestor Identity, Renounce Religion


You were on level 2 of the Dungeon.
You worshipped Hepliaklqana.
Hepliaklqana was noncommittal.
You were not hungry.

You visited 1 branch of the dungeon, and saw 2 of its levels.

You collected 26 gold pieces.

Inventory:

Hand Weapons
 b - a +0 hunting sling (weapon)
 m - a +0 quarterstaff
Missiles
 e - 4 stones (quivered)
 f - 30 sling bullets
 g - 22 bolts
Armour
 a - a +0 robe
 d - a +0 robe
 h - a +0 cloak (worn)
 j - a +0 leather armour
 r - a +0 leather armour (worn)
Jewellery
 p - a ring of protection from magic (left hand)
Scrolls
 k - a scroll of identify {unknown}
 l - a scroll of amnesia {unknown}
 o - a scroll of enchant weapon {unknown}
Comestibles
 c - a ration
 i - 2 chunks of flesh


   Skills:
 + Level 0.7 Armour
 + Level 2.7 Dodging
 + Level 2.6 Stealth
 + Level 3.7 Spellcasting
 + Level 5.5 Necromancy


You had 7 spell levels left.
You knew the following spells:

 Your Spells              Type           Power        Failure   Level  Hunger
a - Pain                  Necr           ###.         3%          1    None
b - Animate Skeleton      Necr           N/A          3%          1    None

Your spell library contained the following spells:

 Spells                   Type           Power        Failure   Level  Hunger
 Vampiric Draining        Necr           ###.......   9%          3    ###....
 Magic Dart               Conj           #...         28%         1    None
 Regeneration             Chrm/Necr      ##........   28%         3    ###....
 Animate Dead             Necr           N/A          28%         4    ####...
 Blink                    Tloc           N/A          41%         2    ##.....
 Call Imp                 Summ           #.......     41%         2    ##.....
 Slow                     Hex            #.......     41%         2    ##.....
 Conjure Flame            Conj/Fire      #.......     65%         3    ###....
 Mephitic Cloud           Conj/Pois/Air  #.......     65%         3    ###....


Dungeon Overview and Level Annotations

Branches:
Dungeon (2/15)

Altars:
Hepliaklqana

Annotations:
D:2 Jessica, Sigmund


Message History

Jessica closely misses you. Sigmund closely misses you.
Jessica gestures at you while chanting. You resist with almost no effort.
Jessica closely misses you.
Sigmund gestures wildly while chanting.
Sigmund flickers and vanishes!
Deactivating autopickup; reactivate with Ctrl-A.
Jessica zaps a wand.
You resist with almost no effort. Something barely misses you.
Jessica hits you but does no damage. Jessica misses you.
Jessica shouts, "Stop bothering me, or I'll kill you!"
Jessica completely misses you. Something barely misses you.
You stop sporulating.
Your +0 hunting sling unmelds from your body.
Your +0 cloak unmelds from your body.
Your +0 leather armour unmelds from your body.
Jessica barely misses you. Jessica hits you.
* * * LOW HITPOINT WARNING * * *
Something hits you!
Ouch! That really hurt!
You die...

#.......#
#.##.##.#
#.##.##.#######
###.#............
..........#######
##.#.....#
#.#.....#
#.##.#..# #.
#..@....# #.
####@#### #.
#.{.# ##. #.....#
.. #..!....# ##
#. #...[.....#
##...#.##
+..!......+
.......)รท
#.........#
##...#.##
##(......## ...
...


You could see Jessica.

Vanquished Creatures
  Robin (D:2)
  An adder (D:2)
  A worm (D:2)
  A giant cockroach (D:2)
  6 goblins (D:2)
  5 hobgoblins (D:2)
  3 kobolds
  A quokka (D:2)
  A frilled lizard (D:2)
  2 rats (D:1)
22 creatures vanquished.

Vanquished Creatures (others)
  2 ancestors (D:2)
2 creatures vanquished.

Grand Total: 24 creatures vanquished

Notes
Turn   | Place    | Note
-------+----------+-------------------------------------------
     0 | D:1      | KitRougard the Deep Elf Necromancer began the quest for the
                  | Orb.
     0 | D:1      | Reached XP level 1. HP: 10/10 MP: 6/6
     1 | D:1      | Noticed an electric eel
   182 | D:1      | You fall through a shaft!
   311 | D:2      | Reached skill level 5 in Necromancy
   320 | D:2      | Learned a level 1 spell: Animate Skeleton
   427 | D:2      | Found a hazy altar of Hepliaklqana.
   438 | D:2      | Became a worshipper of Hepliaklqana the Forgotten
   480 | D:2      | Reached XP level 2. HP: 12/13 MP: 8/8
   631 | D:2      | Noticed Robin
   658 | D:2      | Killed Robin
   658 | D:2      | Reached XP level 3. HP: 5/17 MP: 2/10
  1366 | D:2      | Noticed Sigmund
  1366 | D:2      | Noticed Jessica
  1389 | D:2      | Slain by Sigmund

Skill      XL: |  1 |
---------------+----+-----
Necromancy     | 5 |  5.5
Armour         | |  0.7
Dodging        | |  2.7
Stealth        | |  2.6
Spellcasting   | |  3.7

Action                   || total
-------------------------++-------
Melee: Quarterstaff      ||    11
 Fire: Hunting sling     ||     5
 Cast: Pain              ||    33
       Animate Skeleton  ||     2
Invok: Ancestor Identity ||     4
       Recall Ancestor   ||     1
  Use: Potion            ||     5
       Scroll            ||     2
  Eat: Ration            ||     1
Armor: Leather armour    ||     2
       Skin              ||     2
Dodge: Dodged            ||    27
